AoeStats
← BOMBERONE

Arena

510635600Analyzed
3v3 RM · 2d ago on Oct 1, 2026· 49m 9s· 6 players
Game mode
Random Map
Map size
Normal (6 player)
Population
200
Speed
Normal
Resources
Standard
Victory
Conquest
Starting age
Dark Age
Ending age
Imperial Age
RankedLock teamsTeams togetherTeam positionsShared explorationLock speedFull tech treeHidden civsTurbo modeCheats
Victory
Defeat
🇪🇸 Spanish · Spain
853
+16
🇬🇧 Japanese · United Kingdom
842
+17
🇬🇧 Burmese · United Kingdom
817
+18
🇮🇹 Vikings · Italy
911
-55
🇮🇩 Japanese · Indonesia
905
-20
🇹🇷 Portuguese · Türkiye
749
-12
Paul Chuckle
0:28 Loom
10:19 Feudal Age
10:46 Horse Collar
10:54 Double-Bit Axe
19:19 Castle Age
19:05 Stone Mining
19:05 Gold Mining
20:02 Heavy Plow
21:24 Bow Saw
23:11 Wheelbarrow
24:46 Treadmill Crane
25:34 Town Watch
25:42 Guard Tower
26:37 Yasama
30:49 Gold Shaft Mining
30:58 Fletching
34:21 Imperial Age
31:55 Scale Mail Armor
32:20 Squires
32:25 Padded Archer Armor
33:31 Bodkin Arrow
33:57 Ballistics
33:34 Murder Holes
33:32 Pikeman
35:19 Siege Engineers
35:45 Masonry
36:16 Elite Skirmisher
36:24 Halberdier
38:25 Capped Ram
39:27 Forging
40:48 Scale Barding Armor
40:46 Light Cavalry
42:39 Bloodlines
42:30 Husbandry
42:23 Onager
44:18 Hand Cart
43:35 Onager
48:38 Keep
47:50 Arrowslits
49:29 Two-Man Saw
49:32 Caravan
CrispsWalker
0:36 Loom
4:39 Loom
11:43 Feudal Age
18:48 Castle Age
19:49 Wheelbarrow
18:58 Horse Collar
19:10 Gold Mining
23:15 Hand Cart
27:48 Fortified Wall
27:59 Ballistics
27:39 Murder Holes
27:58 Forging
27:48 Scale Mail Armor
27:54 Scale Barding Armor
30:40 Iron Casting
29:49 Treadmill Crane
30:27 Chain Mail Armor
35:08 Imperial Age
33:09 Man-at-Arms
33:35 Gambesons
33:51 Squires
33:36 Arson
34:10 Bloodlines
34:00 Husbandry
33:21 Light Cavalry
34:31 Stone Mining
35:19 Gold Shaft Mining
34:46 Heavy Plow
34:17 Long Swordsman
35:38 Chain Barding Armor
35:09 Fletching
35:34 Two-Handed Swordsman
37:17 Blast Furnace
36:47 Plate Mail Armor
36:45 Conscription
36:24 Hussar
36:56 Champion
38:24 Plate Barding Armor
38:10 Manipur Cavalry
38:07 Bodkin Arrow
Guty
0:28 Loom
10:43 Feudal Age
14:05 Wheelbarrow
17:22 Castle Age
15:29 Double-Bit Axe
16:35 Gold Mining
16:34 Horse Collar
17:14 Stone Mining
17:13 Man-at-Arms
22:17 Fletching
31:36 Imperial Age
30:31 Hand Cart
30:32 Bow Saw
30:20 Bodkin Arrow
30:33 Scale Barding Armor
30:52 Ballistics
30:47 Town Watch
36:19 Two-Man Saw
35:22 Bracer
35:43 Chain Barding Armor
35:05 Elite Conquistador
36:30 Forging
36:25 Husbandry
36:36 Bloodlines
37:45 Chemistry
36:43 Murder Holes
38:18 Conscription
38:53 Cavalier
40:14 Plate Barding Armor
40:16 Iron Casting
39:42 Scale Mail Armor
40:42 Pikeman
41:22 Squires
41:08 Arson
43:22 Blast Furnace
43:30 Paladin
47:20 Padded Archer Armor
BOMBERONE
13:12 Feudal Age
13:50 Man-at-Arms
14:51 Double-Bit Axe
15:00 Horse Collar
18:49 Gold Mining
18:54 Stone Mining
23:43 Forging
23:24 Fletching
23:36 Scale Mail Armor
23:37 Padded Archer Armor
23:43 Scale Barding Armor
28:00 Castle Age
30:32 Long Swordsman
30:32 Pikeman
30:37 Crossbowman
30:38 Elite Skirmisher
33:38 Bow Saw
34:07 Gold Shaft Mining
33:38 Heavy Plow
40:35 Imperial Age
38:58 Light Cavalry
39:42 Squires
39:28 Arson
40:37 Two-Handed Swordsman
44:11 Iron Casting
43:31 Bodkin Arrow
43:52 Leather Archer Armor
43:53 Chain Mail Armor
43:58 Chain Barding Armor
44:48 Two-Man Saw
46:44 Arbalester
48:38 Crop Rotation
Sifoncu
11:14 Feudal Age
13:19 Horse Collar
17:56 Castle Age
17:31 Double-Bit Axe
18:31 Wheelbarrow
20:45 Bow Saw
23:20 Stone Mining
23:22 Gold Mining
31:54 Imperial Age
29:41 Hand Cart
33:38 Chemistry
35:59 Heavy Plow
37:01 Two-Man Saw
36:05 Elite Organ Gun
36:46 Arquebus
DekaJe
0:46 Loom
11:09 Feudal Age
15:55 Castle Age
14:54 Horse Collar
15:40 Double-Bit Axe
18:38 Fletching
19:25 Scale Mail Armor
21:37 Bodkin Arrow
23:38 Forging
24:43 Chain Mail Armor
27:34 Iron Casting
41:49 Imperial Age
40:00 Wheelbarrow
39:42 Elite Skirmisher
40:26 Padded Archer Armor
42:14 Murder Holes
43:41 Leather Archer Armor
43:42 Guard Tower
Connection lost

Rejoining the realm…

Still unreachable

The connection could not be restored.

Session expired

The server has moved on; the page needs a fresh start.